 Dungeon Crawl Stone Soup version 0.27.1-33-g824d729ab1 (webtiles) character file.

Game seed: 5697650648335037405

247 comborobin the Twirler (level 5, 0/44 HPs)
             Began as a Palentonga Gladiator on Dec 27, 2021.
             Was an Initiate of Okawaru.
             Slain by a black bear (5 damage)
             ... on level 4 of the Dungeon.
             The game lasted 00:02:08 (2689 turns).

comborobin the Twirler (Palentonga Gladiator)       Turns: 2689, Time: 00:02:09

Health: 0/44       AC:  8    Str: 17    XL:     5   Next: 85%
Magic:  5/5        EV:  9    Int: 10    God:    Okawaru [......]
Gold:   133        SH:  0    Dex: 11    Spells: 4/4 levels left

rFire    . . .     SeeInvis +   a - +0 quarterstaff
rCold    . . .     Faith    .   (shield currently unavailable)
rNeg     . . .     Spirit   .   b - +0 leather armour
rPois    .         Reflect  .   c - +0 helmet
rElec    .         Harm     .   i - +2 cloak
rCorr    .         Rampage  .   (no gloves)
Will     .....                  (no barding)
Stlth    +.........             (no amulet)
HPRegen  0.14/turn              (no ring)
MPRegen  0.09/turn              (no ring)

@: no status effects
A: large, rugged brown scales 3, see invisible, deformed body, roll 1, armoured
tail
a: Rolling Charge, Renounce Religion


You were on level 4 of the Dungeon.
You worshipped Okawaru.
Okawaru was noncommittal.
You visited 1 branch of the dungeon, and saw 4 of its levels.

You collected 133 gold pieces.

Inventory:

Hand Weapons
 a - a +0 quarterstaff (weapon)
Missiles
 d - 2 throwing nets (quivered)
Armour
 b - a +0 leather armour (worn)
 c - a +0 helmet (worn)
 i - a +2 cloak (worn)
Jewellery
 g - a ring of fire
Potions
 f - a potion of magic
 l - a potion of brilliance


   Skills:
 + Level 3.9 Fighting
 * Level 5.7 Staves
 - Level 1.3 Throwing
 - Level 2.4 Dodging


You had 4 spell levels left.
You didn't know any spells.
Your spell library was empty.

Dungeon Overview and Level Annotations

Branches:
Dungeon (4/15)
 Temple: D:4-7

Altars:
Fedhas
Okawaru
Sif Muna
Wu Jian


Innate Abilities, Weirdness & Mutations

You are completely covered in rugged brown scales. (AC +3, +7% HP)
You have supernaturally acute eyesight. (SInv)
Armour fits poorly on your strangely shaped body.
You can roll at nearby foes to attack.
You have a long armoured tail.


Message History

The black bear claws you but does no damage. x2
You closely miss the black bear.
The black bear is heavily wounded.
The black bear bites you. The black bear claws you. The black bear misses you.
You barely miss the black bear.
The black bear is heavily wounded.
The black bear barely misses you.
The black bear claws you but does no damage.
The black bear barely misses you.
You hit the black bear.
The black bear is severely wounded.
The black bear bites you. The black bear barely misses you.
The black bear claws you but does no damage.
The black bear barely misses you. The black bear claws you.
The black bear barely misses you.
You sock the black bear!
Your tail-slap misses the black bear.
The black bear is almost dead.
The black bear goes berserk!
Okay, then.
You feel better.
The black bear bites you but does no damage.
The black bear claws you. The black bear misses you.
You closely miss the black bear.
The black bear is almost dead.
The black bear completely misses you. The black bear claws you.
The black bear claws you but does no damage.
The black bear bites you.
The black bear claws you but does no damage.
The black bear claws you.
You barely miss the black bear.
You tail-slap the black bear, but do no damage.
The black bear is almost dead.
The black bear bites you!
* * * LOW HITPOINT WARNING * * *
The black bear closely misses you. The black bear barely misses you.
Unknown command.
You hit the black bear.
The black bear is almost dead.
The black bear barely misses you. The black bear claws you.
You die...

# ..... ..... #
#.###...##... #
#.......... # #......# #
+......# # #....#.### #
#....g...# # ###....#h# #
#J####@# ##### ... #.#
#....
#..h.####.############....
#...S+.........)........##
#.. #################..##
#..#. #..#. #.... #..#.


You could see a black bear (berserk).

Vanquished Creatures
  An ogre (D:4)
  A scorpion (D:4)
  5 adders
  4 worms
  2 dart slugs (D:3)
  An orc (D:2)
  4 ball pythons
  5 endoplasms
  3 giant cockroaches
  2 goblins (D:1)
  5 hobgoblins
  2 jackals (D:2)
  5 quokkas
  A bat (D:3)
  A frilled lizard (D:3)
  3 kobolds (D:4)
  6 rats
51 creatures vanquished.

Notes
Turn   | Place    | Note
-------+----------+-------------------------------------------
     0 | D:1      | comborobin the Palentonga Gladiator began the quest for the
                  | Orb.
     0 | D:1      | Reached XP level 1. HP: 17/17 MP: 1/1
   423 | D:1      | Reached XP level 2. HP: 23/23 MP: 2/2
   672 | D:2      | Reached XP level 3. HP: 26/29 MP: 3/3
   771 | D:2      | Reached skill level 4 in Staves
  1017 | D:2      | Found a faded altar of an unknown god.
  1569 | D:3      | Reached XP level 4. HP: 37/37 MP: 4/4
  1623 | D:3      | Found an ornate altar of the Wu Jian Council.
  2148 | D:3      | Found a blossoming altar of Fedhas.
  2149 | D:3      | Found a shimmering blue altar of Sif Muna.
  2312 | D:4      | Noticed a scorpion
  2315 | D:4      | Noticed an ogre
  2318 | D:4      | Killed a scorpion
  2319 | D:4      | Reached skill level 5 in Staves
  2319 | D:4      | Reached XP level 5. HP: 43/43 MP: 5/5
  2327 | D:4      | Killed an ogre
  2545 | D:4      | Found an iron altar of Okawaru.
  2551 | D:4      | Became a worshipper of Warmaster Okawaru
  2641 | D:4      | Noticed a black bear
  2689 | D:4      | Slain by a black bear

Illustrated notes

Levels and vault maps discovered:
D:1:      dpeg_arrival_round_a, layout_loops_cross, minmay_misc_feat_enclosed
D:2:      layout_rooms, hellmonk_ecumenical_altar_leap_of_faith
D:3:      layout_loops_ring, nzn_wu_jian_contemplation,
          gammafunk_temple_overflow_statue, grunt_decor_arrowhead
D:4:      layout_basic, old_standard_altar, gup_sewer_entry_bowl,
          roderic_roman_lattice

Skill      XL: |  1  2  3  4 |
---------------+-------------+-----
Staves         | 4 5 |  5.7
Fighting       | 3 |  3.9
Throwing       | |  1.3
Dodging        | |  2.4

Action                   |  1- 3 |  4- 6 || total
-------------------------+-------+-------++-------
Melee: Quarterstaff      |    76 |    76 ||   152
       Tailslap          |     7 |     9 ||    16
Throw: Throwing net      |       |     1 ||     1
  Use: Scroll            |       |     5 ||     5
       Potion            |       |     2 ||     2
 Stab: Sleeping          |     1 |     1 ||     2
       Held in net/web   |       |     2 ||     2
Armor: Leather armour    |    29 |    33 ||    62
Dodge: Dodged            |    35 |    32 ||    67
